 Dungeon Crawl Stone Soup version 0.27.1-34-g3ba077fa99 (webtiles) character file.

Game seed: 11289507321706552617

9415 Cykl0x the Slasher (level 11, -5/65 HPs)
             Began as a Gargoyle Conjurer on Jan 25, 2022.
             Was a Believer of the Shining One.
             Slain by a sixfirhy (7 damage)
             ... summoned by a kobold demonologist
             ... on level 11 of the Dungeon.
             The game lasted 00:32:16 (12283 turns).

Cykl0x the Slasher (Gargoyle Conjurer)             Turns: 12283, Time: 00:32:18

Health: -5/65      AC: 18    Str: 14    XL:     11   Next: 46%
Magic:  1/19       EV: 15    Int: 19    God:    the Shining One [**....]
Gold:   542        SH:  0    Dex:  8    Spells: 13/20 levels left

rFire    . . .     SeeInvis +   z - +3 scimitar
rCold    . . .     Faith    .   (no shield)
rNeg     + + .     Spirit   .   C - +1 ring mail {rPois}
rPois    ∞         Reflect  .   E - +0 hat
rElec    +         Harm     .   (no cloak)
rCorr    .         Rampage  .   (no gloves)
Will     .....                  p - +0 pair of boots
Stlth    +.........             (no amulet)
HPRegen  0.20/turn              d - +4 ring of evasion
MPRegen  0.16/turn              g - +4 ring of protection

@: very slightly contaminated, glowing
A: sickness immunity, AC +8, negative energy resistance 1, electricity
resistance, torment resistance 1, petrification resistance, horns 1, see
invisible, deformed body, sense surroundings 1
a: Renounce Religion, Divine Shield


You were on level 11 of the Dungeon.
You worshipped the Shining One.
The Shining One was pleased with you.
You visited 2 branches of the dungeon, and saw 12 of its levels.

You collected 612 gold pieces.
You spent 27 gold pieces at shops.
You donated 43 gold pieces to Zin.

Inventory:

Hand Weapons
 b - a +0 short sword
 z - a +3 scimitar (weapon)
Missiles
 s - a throwing net
 D - a curare-tipped dart
Armour
 a - a +0 robe
 k - a +1 leather armour
 o - a +0 ring mail
 p - a +0 pair of boots (worn)
 x - a +0 scale mail
 C - a +1 ring mail of poison resistance (worn)
 E - a +0 hat (worn)
Jewellery
 d - a +4 ring of evasion (left hand)
 g - a +4 ring of protection (right hand)
 t - the ring of the Middle {Contam Fly rPois rC+}
   (You found it on level 6 of the Dungeon)

   [ring of protection from cold]

   rC:        It protects you from cold.
   rPois:     It protects you from poison.
   Fly:       It grants you flight.
   Contam:    It causes magical contamination when unequipped.
Wands
 h - a wand of paralysis (8)
 n - a wand of charming (17)
 r - a wand of polymorph (16)
 u - a wand of iceblast (23)
 F - a wand of acid (9)
Scrolls
 f - 2 scrolls of fear
 i - 7 scrolls of teleportation
 j - a scroll of immolation
 v - a scroll of noise
 w - 5 scrolls of identify
 y - a scroll of enchant armour
 G - a scroll of magic mapping
Potions
 c - 2 potions of haste
 e - a potion of heal wounds
 l - 2 potions of flight
 m - a potion of magic
 q - 2 potions of attraction
 A - 3 potions of resistance
 B - a potion of berserk rage
 H - a potion of curing {unknown}
 I - 2 potions of lignification {unknown}
 J - a potion of cancellation {unknown}
 K - a potion of brilliance {unknown}


   Skills:
 + Level 6.3 Fighting
 - Level 2.0(5.2) Short Blades
 + Level 7.6(7.8) Long Blades
 + Level 7.5 Armour
 + Level 3.2 Dodging
 - Level 2.1 Stealth
 + Level 5.4 Spellcasting
 + Level 7.5 Conjurations
 * Level 6.2 Hexes
 * Level 5.6 Invocations


You had 13 spell levels left.
You knew the following spells:

 Your Spells              Type           Power      Damage    Failure   Level
a - Magic Dart            Conj           100%       1d8       1%          1
b - Searing Ray           Conj           66%        3d5       1%          2
c - Fulminant Prism       Conj/Hex       15%        3d11      13%         4

Your spell library contained the following spells:

 Spells                   Type           Power      Damage    Failure   Level
 Dazzling Flash           Conj/Hex       62%        N/A       3%          3
 Foxfire                  Conj/Fire      76%        2x1d7     4%          1
 Conjure Flame            Conj/Fire      19%        6-21      14%         3
 Inner Flame              Hex/Fire       17%        N/A       19%         3
 Sting                    Tmut/Pois      20%        1d4       22%         1
 Poisonous Vapours        Pois/Air       10%        N/A       32%         2
 Iskenderun's Mystic Bla  Conj/Tloc      19%        2d6       43%         4
 Olgreb's Toxic Radiance  Pois           5%         N/A       91%         4
 Lee's Rapid Deconstruct  Erth           2%         3d6*      99%         5


Dungeon Overview and Level Annotations

Branches:
Dungeon (11/15)            Temple (1/1) D:6            Lair (0/6) D:8
    Orc (0/2) D:10

Altars:
Ashenzari
Cheibriados
Dithmenos
Elyvilon
Fedhas
Gozag
Hepliaklqana
Kikubaaqudgha
Makhleb
Nemelex Xobeh
Okawaru
Qazlal
Ru
Sif Muna
Trog
Uskayaw
Vehumet
Wu Jian
Xom
Yredelemnul
Zin
The Shining One

Shops:
D:6 *


Innate Abilities, Weirdness & Mutations

You are immune to sickness and miasma.
Your stone body is resilient. (AC +8)
You are immune to poison.
You resist negative energy. (rN+)
You are resistant to electric shocks. (rElec)
You are resistant to unholy torment.
You are immune to petrification.
You have a pair of small horns on your head.
You have supernaturally acute eyesight. (SInv)
Armour fits poorly on your strangely shaped body.
You passively map a small area around you.


Message History

The kobold demonologist looks satisfied for a moment.
Your fulminant prism crackles loudly.
The sixfirhy hits you but does no damage.
The vampire mosquito bites you.
* * * LOW HITPOINT WARNING * * *
A poisoned dart appears from out of your range of vision.
The poisoned dart hits your fulminant prism!
The vampire mosquito closely misses you.
Your fulminant prism explodes!
The blast of energy engulfs the sixfirhy!
The sixfirhy is moderately wounded.
The blast of energy engulfs the kobold demonologist.
The kobold demonologist is lightly wounded.
The blast of energy engulfs the kobold demonologist!!
The kobold demonologist is severely wounded.
You barely miss the vampire mosquito.
The vampire mosquito is almost destroyed.
The vampire mosquito misses you.
You riposte.
You slash the vampire mosquito!
You destroy the vampire mosquito!
The Shining One accepts your kill.
The kobold demonologist casts a spell.
Unknown command.
You don't have enough magic at the moment.
You slice the kobold demonologist!!
The kobold demonologist is severely wounded.
The sixfirhy barely misses you. The sixfirhy hits you!
* * * LOW HITPOINT WARNING * * *
The sixfirhy shocks you. You resist.
* * * LOW HITPOINT WARNING * * *
The sixfirhy hits you but does no damage. x2
The kobold demonologist mumbles some strange words.
The sixfirhy barely misses you. The sixfirhy closely misses you.
You barely miss the kobold demonologist.
The kobold demonologist is severely wounded.
The sixfirhy misses you.
The sixfirhy hits you but does no damage.
The sixfirhy barely misses you.
You riposte.
You closely miss the sixfirhy.
The sixfirhy is lightly wounded.
The sixfirhy hits you!
You die...

...#######.#########..######
*
............................
............................
...........#######..........
* ..#######..# #...#######
..#######..#######...#####
.....>.................... ,
, ...............3.)........
######.........3@######...,
# #.........K3# *... , , #
#..........K# * .. , ,
######.........4)., ,, ,
................)..,,> , ,
,* ...###########...... , ,
...# #))#####* , ...#######
* #.. , , .......... ... ,


You could see 2 kobold demonologists, 3 sixfirhies and a chaos spawn (summoned).

Vanquished Creatures
  A two-headed ogre (D:9)
  A cyclops (D:11)
  An unseen horror (D:10)
  A gargoyle (D:10)
  A komodo dragon (D:10)
  A troll (D:10)
  Grinder (D:4)
  A wraith (D:8)
  A wyvern (D:9)
  2 vampires
  14 yaks
  5 vampire mosquitoes
  2 water moccasins
  A sky beast (D:6)
  5 orc warriors
  An ice beast (D:4)
  2 necrophages
  An ogre (D:6)
  3 centaurs
  2 kobold brigands
  A bullfrog (D:8)
  A wyvern zombie (D:6)
  A gnoll sergeant (D:8)
  3 scorpions
  2 wyvern skeletons (D:5)
  9 killer bees
  9 wights
  3 howler monkeys (D:8)
  2 centaur zombies
  2 orc priests
  3 bullfrog skeletons
  4 hounds
  A gnoll shaman (D:7)
  3 jellies
  Jessica (D:2)
  3 iguanas
  9 orc wizards
  A killer bee zombie (D:6)
  A howler monkey zombie (D:9)
  Robin (D:2)
  14 gnolls
  A howler monkey skeleton (D:7)
  10 adders
  A worm (D:2)
  2 dart slugs (D:2)
  35 orcs
  11 bats
  5 endoplasms
  5 giant cockroaches
  13 goblins
  10 hobgoblins
  11 jackals
  19 kobolds
  3 quokkas
  5 ball pythons
  3 frilled lizards
  2 rats
257 creatures vanquished.

Vanquished Creatures (others)
  15 fulminant prisms
  2 fungi (D:8)
  7 plants (D:8)
  4 toadstools (D:1)
28 creatures vanquished.

Grand Total: 285 creatures vanquished

Notes
Turn   | Place    | Note
-------+----------+-------------------------------------------
     0 | D:1      | Cykl0x the Gargoyle Conjurer began the quest for the Orb.
     0 | D:1      | Reached XP level 1. HP: 10/10 MP: 3/3
   404 | D:1      | Reached XP level 2. HP: 15/15 MP: 0/5
   456 | D:1      | Found a faded altar of an unknown god.
   488 | D:1      | Learned a level 2 spell: Searing Ray
  1053 | D:2      | Reached skill level 1 in Armour
  1053 | D:2      | Reached XP level 3. HP: 20/20 MP: 4/6
  1086 | D:2      | Noticed Robin
  1088 | D:2      | Gained mutation: You occasionally shout uncontrollably at
                  | your foes. [potion of mutation]
  1088 | D:2      | Gained mutation: You have a pair of small horns on your
                  | head. [potion of mutation]
  1225 | D:2      | Killed Robin
  1226 | D:2      | Reached skill level 1 in Fighting
  1226 | D:2      | Reached skill level 5 in Conjurations
  1226 | D:2      | Reached XP level 4. HP: 15/25 MP: 0/7
  1391 | D:2      | Reached skill level 1 in Long Blades
  1392 | D:2      | Noticed Jessica
  1463 | D:2      | Killed Jessica
  1464 | D:2      | Reached skill level 1 in Hexes
  1579 | D:2      | Reached XP level 5. HP: 29/29 MP: 6/8
  2514 | D:3      | Found a shadowy altar of Dithmenos.
  2820 | D:4      | Reached skill level 1 in Short Blades
  2820 | D:4      | Reached XP level 6. HP: 25/35 MP: 2/9
  3045 | D:4      | Learned a level 4 spell: Fulminant Prism
  3089 | D:4      | Noticed a necrophage
  3094 | D:4      | Killed a necrophage
  3373 | D:4      | Reached XP level 7. HP: 38/40 MP: 0/11
  3938 | D:4      | Noticed Grinder
  3946 | D:4      | Killed Grinder
  4451 | D:5      | Entered Level 5 of the Dungeon
  4469 | D:5      | Reached XP level 8. HP: 24/45 MP: 6/12
  5227 | D:5      | Reached skill level 5 in Armour
  5739 | D:6      | Reached XP level 9. HP: 39/52 MP: 0/14
  5921 | D:6      | Found a broken altar of Ashenzari.
  5981 | D:6      | Found a staircase to the Ecumenical Temple.
  5989 | Temple   | Entered the Ecumenical Temple
  6178 | Temple   | Became a worshipper of Zin the Law-Giver
  6178 | Temple   | Reached * piety under Zin
  6400 | D:6      | Identified the ring of the Middle {Contam Fly rPois rC+}
  6509 | D:6      | Found Fuas's Assorted Antiques.
  6517 | D:6      | Bought a scroll labelled YREAPN OC SEEC for 27 gold pieces
  6547 | D:6      | Found a blossoming altar of Fedhas.
  6709 | D:6      | Reached ** piety under Zin
  7760 | D:7      | Reached skill level 1 in Invocations
  8044 | D:7      | Reached *** piety under Zin
  8328 | D:8      | Found a basalt altar of Yredelemnul.
  8453 | D:8      | Found a staircase to the Lair.
  8701 | D:8      | Reached skill level 5 in Fighting
  8958 | D:8      | Reached XP level 10. HP: 40/59 MP: 4/16
  9100 | D:8      | Reached skill level 5 in Long Blades
  9472 | D:8      | Found a glowing golden altar of the Shining One.
  9479 | D:8      | Fell from the grace of Zin
  9479 | D:8      | Became a worshipper of the Shining One
  9479 | D:8      | Reached * piety under the Shining One
  9649 | D:9      | Reached skill level 5 in Hexes
  9852 | D:9      | Noticed a two-headed ogre
  9860 | D:9      | Killed a two-headed ogre
 10378 | D:10     | Entered Level 10 of the Dungeon
 10450 | D:10     | Reached ** piety under the Shining One
 10462 | D:10     | Found a staircase to the Orcish Mines.
 11148 | D:10     | Reached XP level 11. HP: 64/64 MP: 12/18
 11184 | D:10     | Reached skill level 5 in Spellcasting
 11216 | D:10     | Reached skill level 5 in Invocations
 11467 | D:10     | Found a shimmering altar of Xom.
 11773 | D:11     | Noticed a cyclops
 11786 | D:11     | Killed a cyclops
 11893 | D:11     | Lost mutation: You occasionally shout uncontrollably at
                  | your foes. [potion of mutation]
 11893 | D:11     | Gained mutation: You are frail. (-10% HP) [potion of
                  | mutation]
 11893 | D:11     | Gained mutation: You are weak. (Str -2) [potion of
                  | mutation]
 11893 | D:11     | Gained mutation: You passively map a small area around you.
                  | [potion of mutation]
 11894 | D:11     | Lost mutation: You are frail. (-10% HP) [potion of
                  | mutation]
 11894 | D:11     | Lost mutation: You are weak. (Str -2) [potion of mutation]
 11894 | D:11     | Gained mutation: Armour fits poorly on your strangely
                  | shaped body. [potion of mutation]
 11894 | D:11     | Gained mutation: You have supernaturally acute eyesight.
                  | (SInv) [potion of mutation]
 12275 | D:11     | Noticed a sixfirhy
 12279 | D:11     | Noticed a sixfirhy
 12282 | D:11     | Noticed a sixfirhy
 12282 | D:11     | HP: 2/65 [sixfirhy[a kobold demonologist] (4)]
 12283 | D:11     | Slain by a sixfirhy

Illustrated notes

Levels and vault maps discovered:
D:1:      ldierk_walled_garden_2, layout_rooms,
          hellmonk_ecumenical_altar_inner_sanctum
D:2:      layout_rooms, ebering_dispersal_statue_hall, uniq_jessica, uniq_robin
D:3:      layout_rooms, lemuel_round_altar, minmay_close_crescents
D:4:      layout_cave_pods, uniq_grinder
D:5:      layout_loops_ring, serial_glass, glass_columns_b, glass_columns_a,
          due_unseen_surprise, item_on_display_a, feat_on_display,
          feat_on_display, portal_sewer_entry_d
D:6:      layout_basic, nicolae_overflow_crystal_walls,
          mainiacjoe_overflow_cross_hatched,
          minmay_temple_entry_statues_fountains, serial_shops, shop,
          grunt_ministairs_11
D:7:      layout_basic, chequers_hall_statues_corner_a
D:8:      layout_basic, yredelemnul_altar_generic, tso_altar, dpeg_oklobed_lair,
          minivault_24
D:9:      layout_loops_ring
D:10:     layout_loops_ring, mainiacjoe_overflow_boulevard, david_orc_2
D:11:     layout_long_grid
Temple:   regret_index_temple_sphere_string

Skill      XL: |  1  2  3  4  5  6  7  8  9 10 11 |
---------------+----------------------------------+-----
Armour         | 1 2 3 5 6 7 |  7.5
Fighting       | 1 2 4 5 6 |  6.3
Conjurations   | 5 6 7 |  7.5
Long Blades    | 1 2 3 4 6 7 |  7.6
Hexes          | 1 2 3 4 5 6 |  6.2
Dodging        | 2 3 |  3.2
Short Blades   | 1 2 |  2.0
Spellcasting   | 3 4 5 |  5.4
Invocations    | 2 4 5 |  5.6
Stealth        | |  2.1

Action                   |  1- 3 |  4- 6 |  7- 9 | 10-12 || total
-------------------------+-------+-------+-------+-------++-------
Melee: Unarmed           |    25 |       |       |       ||    25
       Short sword       |    37 |    76 |   118 |       ||   231
       Headbutt          |     1 |     7 |    35 |    20 ||    63
       Scimitar          |       |       |    43 |   129 ||   172
       Falchion          |       |       |    33 |       ||    33
 Cast: Magic Dart        |    41 |    62 |    56 |    31 ||   190
       Searing Ray       |     5 |    10 |    35 |    26 ||    76
       Fulminant Prism   |       |       |     3 |    12 ||    15
Invok: Divine Shield     |       |       |       |     1 ||     1
Evoke: Wand              |       |       |     1 |       ||     1
  Use: Scroll            |     1 |     6 |    10 |     2 ||    19
       Potion            |     1 |       |     1 |     3 ||     5
Armor: Robe              |    37 |    12 |       |       ||    49
       Leather armour    |       |    10 |       |       ||    10
       Ring mail         |       |     9 |    68 |    77 ||   154
       Scale mail        |       |       |    42 |     3 ||    45
Dodge: Dodged            |    85 |    67 |   162 |   135 ||   449
Block: Other             |       |       |       |     2 ||     2
       Rpst.: Scimitar   |       |       |    15 |    39 ||    54
       Falchion          |       |       |     3 |       ||     3
